 Dungeon Crawl Stone Soup version 0.31-a0-1626-g5cb510d322 (webtiles) character file.

Game seed: 10780730401912651724

2204 Xavori the Trooper (level 9, -2/65 HPs)
             Began as a Djinni Chaos Knight on Jan 12, 2024.
             Was a Plaything of Xom.
             Slain by a killer bee (4 damage)
             ... on level 6 of the Dungeon.
             The game lasted 00:05:27 (8109 turns).

Xavori the Trooper (Djinni Chaos Knight)            Turns: 8109, Time: 00:05:29

Health: -2/65      AC:  9    Str: 11 (14) XL:     9   Next: 60%
Gold:   217        EV:  8    Int: 14 (15) God:    Xom [..*...] SH: 13 Dex: 14 (16)

rFire   + + +        q - +2 scimitar (flame)
rCold   x . .        e - +0 kite shield
rNeg    . . .        k - +1 scale mail of Amorality {*Corrode Fly MP+9 Slay+5}
rPois   ∞            (no helmet)
rElec   .            u - +2 cloak of Fun {Rampage Str+3 SInv}
rCorr   .            j - +1 pair of gloves
SInv    +            (boots unavailable)
Will    .....        (no amulet) Stlth
                     g - ring of wizardry
HPRegen 0.30/turn    h - ring of protection from fire
MPRegen 0.00/turn

%: corrode self (3%), clarity, rampage, wizardry (x1), infuse magic (-3 HP)
@: corroded, flying
A: sickness immunity, fire resistance 3, cold vulnerability 1, float, innate
caster, HP casting, extra vitality 1, large bone plates 1, clarity, wild magic
1, inability to drink after injury 2
a: Renounce Religion


You were on level 6 of the Dungeon.
You worshipped Xom.
You were a toy of Xom.
You visited 1 branch of the dungeon, and saw 7 of its levels.

You collected 471 gold pieces.
You spent 254 gold pieces at shops.

Inventory:

Hand Weapons
 q - a +2 scimitar of flaming (weapon)
Armour
 e - a +0 kite shield (worn)
 j - a +1 pair of gloves (worn)
 k - the +1 scale mail of Amorality (worn) {*Corrode Fly MP+9 Slay+5}
   (Xom gifted it to you on level 1 of the Dungeon)

   Slay+5:    It affects your accuracy & damage with ranged weapons and melee
   (+5).
   MP+9:      It affects your magic capacity (+9).
   Fly:       It grants you flight.
   *Corrode:  It may corrode you when you take damage.
 u - the +2 cloak of Fun (worn) {Rampage Str+3 SInv}
   (Xom gifted it to you on level 5 of the Dungeon)

   Str+3:     It affects your strength (+3).
   SInv:      It lets you see invisible.
   Rampage:   It bestows one free step when moving towards enemies.
Jewellery
 a - a +6 ring of strength
 g - a ring of wizardry (left hand)
 h - a ring of protection from fire (right hand)
Wands
 b - a wand of quicksilver (11)
 l - a wand of iceblast (15)
 n - a wand of polymorph (6)
Scrolls
 c - a scroll of butterflies
 d - a scroll of fog {unknown}
 p - a scroll of teleportation
 s - 2 scrolls of silence
 t - a scroll of vulnerability
Potions
 f - 2 potions of magic {unknown}
 i - a potion of mutation {unknown}
 m - a potion of degeneration
 o - a potion of lignification {unknown}
 r - a potion of might {unknown}
 v - a potion of enlightenment {unknown}


   Skills:
 + Level 5.3 Fighting
 + Level 4.8 Long Blades
 + Level 4.4 Armour
 + Level 5.3 Dodging
 + Level 4.1 Shields
 * Level 4.3 Spellcasting
 * Level 4.3 Conjurations
 * Level 4.3 Hexes
   Level 0.0 Charms
 * Level 4.3 Summonings
 * Level 4.3 Necromancy
 * Level 4.3 Translocations
   Level 0.0 Transmutations
 * Level 4.3 Fire Magic
 * Level 4.3 Ice Magic
 * Level 4.3 Air Magic
 * Level 4.3 Earth Magic
 * Level 4.3 Alchemy
 + Level 3.1 Evocations


You knew the following spells:

 Your Spells              Type           Power      Damage    Failure   Level
a - Foxfire               Conj/Fire      76%        2x1d7     32%         1
b - Scorch                Fire           38%        2d6       43%         2
c - Summon Ice Beast      Ice/Summ       19%        N/A       65%         3
d - Confusing Touch       Hex            19%        N/A       65%         3
Your spell library was empty.

Dungeon Overview and Level Annotations

Branches:
Dungeon (7/15)             Temple (0/1) D:4

Altars:
Xom

Shops:
D:1 (   D:4 *


Innate Abilities, Weirdness & Mutations

You are immune to sickness and miasma.
You are immune to poison.
Your flesh is almost immune to the effects of heat. (rF+++)
You are vulnerable to cold. (rC-)
You float through the air rather than walking.
You learn spells naturally, not from books.
Your magical power is your life essence.
You have superior vitality. (+4 MHP)
You are partially covered in large bone plates. (SH +4)
You possess an exceptional clarity of mind.
Your spells are a little harder to cast, but a little more powerful.
You sometimes lose the ability to drink potions when taking damage.


Message History

The killer bee stings you. The hound bites you.
You block the killer bee's attack. The killer bee closely misses you.
The hound bites you but does no damage.
The killer bee attacks as it pursues you!
The killer bee stings you but does no damage.
The killer bee stings you. The killer bee closely misses you.
You block the killer bee's attack.
The killer bee attacks as it pursues you!
The killer bee completely misses you.
The killer bee stings you but does no damage.
The killer bee barely misses you.
The killer bee attacks as it pursues you!
You block the killer bee's attack. The killer bee stings you.
Your corrosive artefact corrodes you!
You block the killer bee's attack.
The killer bee attacks as it pursues you!
You block the killer bee's attack. The killer bee stings you.
* * * LOW HITPOINT WARNING * * *
There is a stone staircase leading up here.
The killer bee stings you.
* * * LOW HITPOINT WARNING * * *
The killer bee closely misses you. The killer bee stings you.
* * * LOW HITPOINT WARNING * * *
The killer bee barely misses you.
You fly upwards.
There is a stone staircase leading down here.
The killer bee stings you.
* * * LOW HITPOINT WARNING * * *
The killer bee stings you.
* * * LOW HITPOINT WARNING * * *
The killer bee barely misses you.
Unknown command.
It was a potion of degeneration.
There was something very wrong with that liquid.
You feel weakened.
You feel dopey.
You feel clumsy. You block the killer bee's attack.
The killer bee closely misses you. The killer bee stings you.
* * * LOW HITPOINT WARNING * * *
The killer bee stings you.
You die...
Xom titters!

#....####.................
#...............##.....###
#.......#######.##........
#......................##.
#..............#.#........
#......................##.
#...................####..
####...........####.###..#
##....y@.....# #.....##
#########......y.....# #...###
#....................# #...####
#..........#######)### #...[.##
#..........# #.## ###..##.##
#..........### #..###...###.##
#............#####......#.# #.##
#..........#...........##.###...
#..........####....###......)...


You could see 2 killer bees.

Vanquished Creatures
  A wyvern (D:6)
  Edmund (D:4)
  3 water moccasins
  2 ogres
  A kobold brigand (D:7)
  2 bullfrogs
  A scorpion (D:4)
  6 killer bees
  2 electric eels (D:6)
  2 bombardier beetles
  A hound (D:6)
  2 jellies (D:6)
  2 orc priests
  Crazy Yiuf (D:2)
  3 sleepcaps
  Terence (D:2)
  2 iguanas
  3 adders
  A shadow imp (D:5)
  A white imp (D:6)
  3 ribbon worms
  4 dart slugs
  10 orcs
  11 ball pythons
  5 bats
  4 endoplasms
  A giant cockroach (D:2)
  11 goblins
  7 hobgoblins
  5 jackals
  11 kobolds
  A frilled lizard (D:3)
  5 rats
116 creatures vanquished.

Vanquished Creatures (collateral kills)
  Maggie (D:6)
  A phantom (D:6)
2 creatures vanquished.

Vanquished Creatures (others)
  A jelly (D:6)
  An adder (D:6)
  A jackal (D:3)
3 creatures vanquished.

Grand Total: 121 creatures vanquished

Notes
Turn   | Place    | Note
-------+----------+-------------------------------------------
     0 | D:1      | Xavori the Djinni Chaos Knight began the quest for the Orb.
     0 | D:1      | Reached XP level 1. HP: 20/20 MP: 0/0
   228 | D:1      | Reached XP level 2. HP: 25/25 MP: 0/0
   452 | D:1      | Reached XP level 3. HP: 30/30 MP: 0/0
   452 | D:1      | Learned a level 1 spell: Foxfire
   815 | D:1      | Reached skill level 1 in Spellcasting
   815 | D:1      | Reached skill level 1 in Conjurations
   815 | D:1      | Reached skill level 1 in Hexes
   815 | D:1      | Reached skill level 1 in Summonings
   815 | D:1      | Reached skill level 1 in Necromancy
   815 | D:1      | Reached skill level 1 in Translocations
   815 | D:1      | Reached skill level 1 in Fire Magic
   815 | D:1      | Reached skill level 1 in Ice Magic
   815 | D:1      | Reached skill level 1 in Air Magic
   815 | D:1      | Reached skill level 1 in Earth Magic
   815 | D:1      | Reached skill level 1 in Alchemy
  1052 | D:1      | Found Fyustrasatt's Antique Weapon Emporium.
  1537 | D:1      | XOM: god gift: 41 gold pieces
  1626 | D:1      | XOM: divination: detect items
  1638 | D:1      | XOM: god gift: ichor-stained scale mail {god gift}
  1638 | D:1      | Identified the +1 scale mail of Amorality {*Corrode Fly
                  | MP+9 Slay+5} (Xom gifted it to you on level 1 of the
                  | Dungeon)
  2266 | D:1      | XOM: give mutation
  2266 | D:1      | Gained mutation: Your flesh is almost immune to the effects
                  | of heat. (rF+++) [Xom's grace]
  2634 | D:1      | XOM: give mutations
  2634 | D:1      | Gained mutation: You occasionally lose the ability to drink
                  | potions when taking damage. [Xom's mischief]
  2634 | D:1      | Gained mutation: You have hidden genetic defects. [Xom's
                  | mischief]
  2634 | D:1      | Gained mutation: Your spells are a little harder to cast,
                  | but a little more powerful. [Xom's mischief]
  2819 | D:1      | XOM is BORED!
  2819 | D:1      | XOM: draining
  3045 | D:1      | XOM: scenery: summon butterflies
  3213 | D:1      | XOM: give mutations
  3213 | D:1      | Gained mutation: You are weak. (Str -2) [Xom's mischief]
  3213 | D:1      | Gained mutation: Your spells are harder to cast, but more
                  | powerful. [Xom's mischief]
  3213 | D:1      | Lost mutation: You have hidden genetic defects. [Xom's
                  | mischief]
  3345 | D:1      | XOM: noise
  3447 | D:1      | XOM: give mutations
  3447 | D:1      | Gained mutation: You have supernaturally acute eyesight.
                  | (SInv) [Xom's grace]
  3447 | D:1      | Gained mutation: You are somewhat resistant to further
                  | mutation. [Xom's grace]
  3447 | D:1      | Gained mutation: You are partially covered in large bone
                  | plates. (SH +4) [Xom's grace]
  3447 | D:1      | Gained mutation: You possess an exceptional clarity of
                  | mind. [Xom's grace]
  3501 | D:1      | XOM: scenery: create altars
  3581 | D:1      | XOM: cloud trail
  3616 | D:2      | XOM: chaos upgrade
  3626 | D:2      | You are sucked into a shaft and drop 2 floors!
  3691 | D:3      | Reached XP level 4. HP: 22/31 MP: 0/0
  3699 | D:3      | XOM: silly message
  3701 | D:3      | Reached skill level 1 in Shields
  3812 | D:3      | Reached XP level 5. HP: 30/40 MP: 0/0
  3812 | D:3      | Learned a level 2 spell: Scorch
  3920 | D:2      | Noticed Terence
  3925 | D:2      | Killed Terence
  4002 | D:2      | XOM: divination: detect creatures
  4070 | D:2      | Found a runed translucent door.
  4071 | D:2      | Noticed Crazy Yiuf
  4326 | D:2      | Killed Crazy Yiuf
  4514 | D:3      | Reached XP level 6. HP: 32/46 MP: 0/0
  5024 | D:4      | Noticed an ogre
  5030 | D:4      | Killed an ogre
  5248 | D:4      | Noticed Edmund
  5262 | D:4      | XOM: summons friendly shadow imp
  5266 | D:4      | Killed Edmund
  5267 | D:4      | Reached XP level 7. HP: 38/52 MP: 0/0
  5267 | D:4      | Learned a level 3 spell: Summon Ice Beast
  5456 | D:4      | XOM: 2-stop teleportation journey
  5489 | D:4      | Found a staircase to the Ecumenical Temple.
  5581 | D:4      | XOM: god gift: 54 gold pieces
  5641 | D:4      | Found Iisas's Incredible Inventory.
  5646 | D:4      | Bought a scroll of identify for 24 gold pieces
  5646 | D:4      | Bought a wand of iceblast (8) for 230 gold pieces
  5977 | D:4      | XOM: god gift: 34 gold pieces
  6118 | D:5      | Entered Level 5 of the Dungeon
  6126 | D:5      | XOM: enchant monster (good)
  6248 | D:5      | XOM: enchant monster (good)
  6257 | D:5      | Identified the +2 cloak of Fun {Rampage Str+3 SInv} (Xom
                  | gifted it to you on level 5 of the Dungeon)
  6257 | D:5      | XOM: god gift: +2 cloak of Fun {Rampage Str+3 SInv}
  6454 | D:5      | Noticed a water moccasin
  6454 | D:5      | XOM: enchant monster (good)
  6458 | D:5      | Killed a water moccasin
  6459 | D:5      | Reached skill level 1 in Evocations
  6459 | D:5      | Reached XP level 8. HP: 58/58 MP: 0/0
  6874 | D:5      | XOM: cloud trail
  6936 | D:6      | XOM: 3-stop teleportation journey
  6948 | D:6      | Noticed Maggie
  6952 | D:6      | XOM: divination: magic mapping
  6956 | D:6      | XOM: summons 2 friendly demons
  6963 | D:6      | Killed Maggie
  7158 | D:6      | XOM: draining
  7276 | D:6      | XOM: give mutation
  7276 | D:6      | Lost mutation: You are weak. (Str -2) [Xom's mischief]
  7540 | D:6      | XOM: stat loss: -1 Str (13/14)
  7597 | D:6      | XOM: blink monster(s)
  7603 | D:6      | XOM: chaos cloud
  7610 | D:6      | a killer bee changed into a wyvern
  7610 | D:6      | Noticed a wyvern
  7613 | D:6      | Reached XP level 9. HP: 54/62 MP: 0/0
  7613 | D:6      | Learned a level 3 spell: Confusing Touch
  7615 | D:6      | Reached skill level 5 in Fighting
  7937 | D:6      | XOM: give mutations
  7937 | D:6      | Lost mutation: Your spells are harder to cast, but more
                  | powerful. [Xom's mischief]
  7937 | D:6      | Lost mutation: You are somewhat resistant to further
                  | mutation. [Xom's mischief]
  7937 | D:6      | Lost mutation: You have supernaturally acute eyesight.
                  | (SInv) [Xom's mischief]
  7937 | D:6      | Gained mutation: You sometimes lose the ability to drink
                  | potions when taking damage. [Xom's mischief]
  8059 | D:7      | Reached skill level 5 in Dodging
  8075 | D:7      | XOM: enchant monster (bad)
  8109 | D:6      | HP: 2/65 [killer bee (6)]
  8109 | D:6      | Slain by a killer bee

Illustrated notes

Levels and vault maps discovered:
D:1:      dpeg_arrival_concentric_ovals, layout_loops_corners, serial_shops,
          shop, serial_bayou_ford_a, grunt_decor_clamped,
          amcnicky_mini_corridor_feature, minmay_misc_feat_iff,
          kennysheep_nondescript
D:2:      layout_rooms, serial_bayou_pond_b, hangedman_abyss_or_decor_stabs,
          uniq_crazy_yiuf_cottage, uniq_terence
D:3:      layout_basic
D:4:      layout_layer_cave, minmay_temple_entry_stoned_glass,
          nicolae_alphabet_shops, kennysheep_nub, serial_bayou_lake_a,
          uniq_edmund
D:5:      layout_basic
D:6:      layout_rooms, grunt_decor_mini_mirrors, water_boxes_lemuel,
          uniq_maggie
D:7:      layout_cave_pools

Skill      XL: |  1  2  3  4  5  6  7  8  9 |
---------------+----------------------------+-----
Spellcasting   | 1 2 3 4 |  4.3
Conjurations   | 1 2 3 4 |  4.3
Hexes          | 1 2 3 4 |  4.3
Summonings     | 1 2 3 4 |  4.3
Necromancy     | 1 2 3 4 |  4.3
Translocations | 1 2 3 4 |  4.3
Fire Magic     | 1 2 3 4 |  4.3
Ice Magic      | 1 2 3 4 |  4.3
Air Magic      | 1 2 3 4 |  4.3
Earth Magic    | 1 2 3 4 |  4.3
Alchemy        | 1 2 3 4 |  4.3
Long Blades    | 3 4 |  4.8
Shields        | 1 2 3 4 |  4.1
Armour         | 2 3 4 |  4.4
Dodging        | 3 4 5 |  5.3
Fighting       | 4 5 |  5.3
Evocations     | 1 2 3 |  3.1

Action                     |  1- 3 |  4- 6 |  7- 9 || total
---------------------------+-------+-------+-------++-------
  Melee: Falchion          |    79 |   103 |    92 ||   274
         Unarmed           |       |     9 |       ||     9
         Scimitar          |       |       |    56 ||    56
    Use: Scroll            |       |     4 |     1 ||     5
         Potion            |       |       |     1 ||     1
   Stab: Confused          |       |     1 |       ||     1
         Paralysed         |       |       |     8 ||     8
         Betrayed ally     |       |       |     1 ||     1
 Armour: Leather armour    |    22 |       |       ||    22
         Scale mail        |    28 |    95 |   108 ||   231
         Skin              |       |     1 |       ||     1
  Dodge: Dodged            |    28 |    25 |    76 ||   129
  Block: Kite shield       |    31 |    76 |   142 ||   249

Table legend: (Time is in decaauts)
 A = Elapsed time spent in this place.
 B = Non-inter-level travel time spent in this place.
 C = Inter-level travel time spent in this place.
 D = Time resting spent in this place.
 E = Time spent auto-exploring this place.
 F = Levels seen in this place.
 G = Mean time per level.
                   A        B        C        D        E       F      G
               +--------+--------+--------+--------+--------+-----+--------+
         Total |   8231 |   7892 |    339 |   2837 |   4113 |   7 | 1175.9 |
       Dungeon |   8231 |   7892 |    339 |   2837 |   4113 |   7 | 1175.9 |
               +--------+--------+--------+--------+--------+-----+--------+

Top non-repeatable levels by time:
     D:1: 3585 daAuts
     D:4: 1175 daAuts
     D:6: 1162 daAuts
     D:3: 861 daAuts
     D:5: 809 daAuts
     D:2: 573 daAuts
     D:7: 63 daAuts
